[Event "26th OIBM 2023"]
[Site "Gmund am Tegernsee"]
[Date "2023.11.04"]
[Round "8.20"]
[White "Kerpe, Andreas"]
[Black "Reimann, Sebastian"]
[Result "0-1"]
[ECO "B26"]
[WhiteElo "2157"]
[BlackElo "2342"]
[Annotator "ChessBase"]
[PlyCount "52"]
[EventDate "2023.10.04"]
[EventType "swiss"]
[EventCountry "GER"]
[SourceTitle "playchess.com"]
[Source "ChessBase"]
[SourceQuality "1"]
[TimeControl "40/5400+30:1800+30"]

1. e4 c5 2. Nc3 Nc6 3. g3 g6 4. Bg2 Bg7 5. d3 Rb8 6. Be3 d6 7. Qd2 b5 8. f4 b4 9. Nd1 a5 10. Rb1 Nd4 11. Nf3 Be6 12. c4 bxc3 13. Nxc3 Nxf3+ 14. Bxf3 Nf6 15. h3 h5 16. Bg2 O-O 17. O-O d5 18. exd5 Nxd5 19. Bxc5 Nb4 20. d4 Bf5 21. Be4 Bxh3 22. Rfe1 Rc8 23. Bxb4 Bxd4+ 24. Kh2 Bg1+ 25. Rxg1 Qxd2+ 26. Kxh3 axb4 0-1

[Event "26th OIBM 2023"]
[Site "Gmund am Tegernsee"]
[Date "2023.11.04"]
[Round "8.21"]
[White "Forchert, Martin"]
[Black "Cordes, Hans-Joerg"]
[Result "1/2-1/2"]
[ECO "B92"]
[WhiteElo "2317"]
[BlackElo "2146"]
[Annotator "ChessBase"]
[PlyCount "55"]
[EventDate "2023.10.04"]
[EventType "swiss"]
[EventCountry "GER"]
[SourceTitle "playchess.com"]
[Source "ChessBase"]
[SourceQuality "1"]
[TimeControl "40/5400+30:1800+30"]

1. e4 c5 2. Nf3 d6 3. d4 cxd4 4. Nxd4 Nf6 5. Nc3 a6 6. Be2 e5 7. Nb3 Be7 8. Bg5 Be6 9. Bxf6 Bxf6 10. Qd3 O-O 11. Rd1 Be7 12. Nd5 Bxd5 13. Qxd5 Qc7 14. Bg4 Nc6 15. c3 Rad8 16. O-O Bg5 17. Na1 g6 18. Nc2 Kg7 19. Qd3 Qb6 20. a3 Qb3 21. Rfe1 Na5 22. Be2 Rc8 23. Rb1 Nc4 24. Qd5 Qxc2 25. Bxc4 Rc5 26. Qd3 Qxd3 27. Bxd3 d5 28. exd5 1/2-1/2

[Event "26th OIBM 2023"]
[Site "Gmund am Tegernsee"]
[Date "2023.11.04"]
[Round "8.22"]
[White "Unuk, Laura"]
[Black "de Francesco, Klaus"]
[Result "1-0"]
[ECO "D00"]
[WhiteElo "2313"]
[BlackElo "2140"]
[Annotator "ChessBase"]
[PlyCount "99"]
[EventDate "2023.10.04"]
[EventType "swiss"]
[EventCountry "GER"]
[SourceTitle "playchess.com"]
[Source "ChessBase"]
[SourceQuality "1"]
[TimeControl "40/5400+30:1800+30"]

1. d4 Nf6 2. Nc3 d5 3. Bf4 a6 4. e3 c5 5. dxc5 Nc6 6. Nf3 Bg4 7. Be2 Qa5 8. Nd2 Bxe2 9. Qxe2 Qxc5 10. Nb3 Qa7 11. O-O-O e6 12. e4 dxe4 13. Nxe4 Nxe4 14. Qxe4 Rc8 15. Kb1 Be7 16. Be3 Qb8 17. Bd2 O-O 18. Bc3 b5 19. Rd3 b4 20. Rh3 f5 21. Qxe6+ Rf7 22. Bd2 a5 23. Be3 a4 24. Nd4 Nd8 25. Qd5 Qc7 26. Rc1 g6 27. c4 f4 28. Nb5 Qc6 29. Bd2 Qf6 30. Rd3 Nc6 31. c5 a3 32. bxa3 Ne5 33. Rd4 Qf5+ 34. Qe4 Qxe4+ 35. Rxe4 Nd3 36. axb4 Nxc1 37. Kxc1 f3 38. g3 Bxc5 39. bxc5 Rxc5+ 40. Nc3 Rh5 41. h4 h6 42. Kc2 Kh7 43. Re6 g5 44. hxg5 hxg5 45. Ne4 Rc7+ 46. Kd3 Rh2 47. Bxg5 Ra7 48. Ke3 Ra3+ 49. Kf4 Rh1 50. Be7 1-0

[Event "26th OIBM 2023"]
[Site "Gmund am Tegernsee"]
[Date "2023.11.04"]
[Round "8.23"]
[White "Arnhold, Steffi"]
[Black "Mai, Philipp"]
[Result "1/2-1/2"]
[ECO "B99"]
[WhiteElo "2142"]
[BlackElo "2313"]
[Annotator "ChessBase"]
[PlyCount "63"]
[EventDate "2023.10.04"]
[EventType "swiss"]
[EventCountry "GER"]
[SourceTitle "playchess.com"]
[Source "ChessBase"]
[SourceQuality "1"]
[TimeControl "40/5400+30:1800+30"]

1. e4 c5 2. Nf3 d6 3. d4 cxd4 4. Nxd4 Nf6 5. Nc3 a6 6. Bg5 e6 7. f4 Be7 8. Qf3 Qc7 9. O-O-O Nbd7 10. g4 h6 11. Bxf6 Bxf6 12. Kb1 Nb6 13. h4 Bd7 14. g5 Bxd4 15. Rxd4 Qc5 16. Rd1 O-O-O 17. Bh3 hxg5 18. hxg5 Kb8 19. Qd3 Bc6 20. g6 f5 21. Rhe1 fxe4 22. Nxe4 Bxe4 23. Rxe4 e5 24. Be6 exf4 25. Rxf4 Rhe8 26. Bf7 Re5 27. a3 Nc8 28. Rc4 Qa5 29. Qc3 Qxc3 30. Rxc3 Rh8 31. Rdd3 Rhh5 32. Rh3 1/2-1/2

[Event "26th OIBM 2023"]
[Site "Gmund am Tegernsee"]
[Date "2023.11.04"]
[Round "8.24"]
[White "Beisteiner, Joachim"]
[Black "Garner, Isaac"]
[Result "1/2-1/2"]
[ECO "C54"]
[WhiteElo "2115"]
[BlackElo "2309"]
[Annotator "ChessBase"]
[PlyCount "190"]
[EventDate "2023.10.04"]
[EventType "swiss"]
[EventCountry "GER"]
[SourceTitle "playchess.com"]
[Source "ChessBase"]
[SourceQuality "1"]
[TimeControl "40/5400+30:1800+30"]

1. e4 e5 2. Nf3 Nc6 3. Bc4 Nf6 4. d3 Bc5 5. c3 a5 6. O-O d6 7. Re1 O-O 8. h3 h6 9. Nbd2 Be6 10. Bb5 Qb8 11. Nf1 Qa7 12. Be3 Bxe3 13. Nxe3 a4 14. Bc4 Bxc4 15. Nxc4 b5 16. Ne3 Ne7 17. b4 axb3 18. axb3 Qb7 19. Qc2 Ra6 20. Rxa6 Qxa6 21. d4 Ng6 22. dxe5 dxe5 23. Nd5 Nxd5 24. exd5 Qd6 25. c4 bxc4 26. bxc4 f5 27. Qc3 e4 28. Nd4 Nf4 29. Nb5 Qc5 30. Qe3 Qxc4 31. Na3 Qb4 32. Rb1 Qd6 33. Nc4 Nxd5 34. Nxd6 Nxe3 35. Nb5 Nd5 36. Rc1 Rf7 37. Rc5 Rd7 38. Nd4 g6 39. Nc6 Kg7 40. Ne5 Rd8 41. Nc4 f4 42. Rc6 g5 43. Re6 Rb8 44. Rxe4 Rb1+ 45. Kh2 Rb4 46. Re5 Rxc4 47. Rxd5 Rc2 48. Kg1 Rc1+ 49. Kh2 Rc2 50. Kg1 Kf6 51. Kf1 h5 52. Ke1 Kg6 53. Rd8 Rc5 54. Ke2 Re5+ 55. Kf3 Re6 56. h4 gxh4 57. Kxf4 Rf6+ 58. Ke3 Re6+ 59. Kf4 Re2 60. Kf3 Re7 61. Kf4 Rf7+ 62. Ke3 Rf6 63. Rh8 Re6+ 64. Kf4 Rf6+ 65. Ke3 Ra6 66. Ke4 Ra4+ 67. Ke3 Rc4 68. Kf3 Rc3+ 69. Ke4 Rc2 70. Kf3 c6 71. Rc8 Rc4 72. Rg8+ Kf7 73. Rh8 Rc5 74. Kf4 Rb5 75. Rc8 Rc5 76. Rh8 Kg7 77. Rc8 Kh7 78. Re8 Rc4+ 79. Kf3 Kg6 80. Rh8 Rc3+ 81. Ke4 Rc4+ 82. Kf3 Rc5 83. Rc8 Rf5+ 84. Ke3 Rf6 85. Rh8 Kg5 86. Rc8 Re6+ 87. Kf3 Rf6+ 88. Ke3 Rg6 89. Rh8 Rg7 90. Rc8 Rg6 91. Rh8 Kg4 92. Ra8 Re6+ 93. Kd2 Re5 94. Rc8 Rd5+ 95. Ke3 Re5+ 1/2-1/2

[Event "26th OIBM 2023"]
[Site "Gmund am Tegernsee"]
[Date "2023.11.04"]
[Round "8.25"]
[White "Renner, Kai"]
[Black "Linster, Philippe"]
[Result "1/2-1/2"]
[ECO "C90"]
[WhiteElo "2103"]
[BlackElo "2303"]
[Annotator "ChessBase"]
[PlyCount "35"]
[EventDate "2023.10.04"]
[EventType "swiss"]
[EventCountry "GER"]
[SourceTitle "playchess.com"]
[Source "ChessBase"]
[SourceQuality "1"]
[TimeControl "40/5400+30:1800+30"]

1. e4 e5 2. Nf3 Nc6 3. Bb5 a6 4. Ba4 Nf6 5. O-O Be7 6. Re1 b5 7. Bb3 d6 8. a4 b4 9. d4 Bg4 10. dxe5 Nxe5 11. Nbd2 O-O 12. h3 Bc8 13. Nxe5 dxe5 14. a5 Bb7 15. Qe2 Bc5 16. Bc4 Qe7 17. Bd3 h6 18. c3 1/2-1/2

[Event "26th OIBM 2023"]
[Site "Gmund am Tegernsee"]
[Date "2023.11.04"]
[Round "8.26"]
[White "Tillmann, Markus"]
[Black "Solomon, Kenny"]
[Result "0-1"]
[ECO "D58"]
[WhiteElo "2085"]
[BlackElo "2300"]
[Annotator "ChessBase"]
[PlyCount "179"]
[EventDate "2023.10.04"]
[EventType "swiss"]
[EventCountry "GER"]
[SourceTitle "playchess.com"]
[Source "ChessBase"]
[SourceQuality "1"]
[TimeControl "40/5400+30:1800+30"]

1. d4 Nf6 2. c4 e6 3. Nf3 d5 4. Nc3 Be7 5. Bg5 h6 6. Bh4 O-O 7. e3 b6 8. Bd3 Bb7 9. O-O Nbd7 10. Rc1 Ne4 11. Bxe7 Qxe7 12. Qe2 Nxc3 13. Rxc3 c5 14. e4 cxd4 15. Nxd4 Qf6 16. Nb5 dxc4 17. Bxc4 Qf4 18. Re1 a6 19. Nd4 Nc5 20. Re3 Rad8 21. Nb3 Nxb3 22. Bxb3 Rd4 23. e5 Rfd8 24. Rd1 a5 25. Rxd4 Qxd4 26. h3 Kf8 27. Qc2 Rc8 28. Rc3 Rd8 29. Rc7 Be4 30. Qc3 Qxc3 31. Rxc3 g5 32. f3 Bd5 33. a4 Bxb3 34. Rxb3 Rd4 35. Rxb6 Rxa4 36. Kf2 h5 37. Ke3 Kg7 38. g4 h4 39. Rb3 Kg6 40. Ra3 Rb4 41. b3 Kg7 42. Kd3 Kg6 43. Ke3 Rb5 44. Ke4 Rc5 45. Kd4 Rd5+ 46. Ke4 Kh6 47. Ra4 Rb5 48. Ra3 Kg7 49. Kd4 Kf8 50. Ke4 Ke7 51. Ra4 Rxb3 52. Rxa5 Kf8 53. Ra4 Kg7 54. Rd4 Kg6 55. Rd3 Rb4+ 56. Rd4 Rb1 57. Rd3 Rf1 58. Rc3 Kg7 59. Rb3 Kg6 60. Rc3 Re1+ 61. Re3 Ra1 62. Rd3 Ra5 63. Rd4 f6 64. exf6 Kxf6 65. Rb4 Re5+ 66. Kd3 Re1 67. Rb8 Rh1 68. Rf8+ Kg7 69. Re8 Kf7 70. Rh8 Rxh3 71. Ke3 Kg7 72. Re8 Rh1 73. Kf2 Kf6 74. Rf8+ Ke5 75. Rg8 Ra1 76. Ke3 Ra3+ 77. Kf2 Ra2+ 78. Ke3 Kf6 79. Rf8+ Kg7 80. Rb8 h3 81. Rb1 h2 82. Rh1 Kf6 83. Ke4 Rb2 84. Kd4 Rg2 85. Ke4 Re2+ 86. Kd4 Ke7 87. Ra1 Ra2 88. Rh1 Kd6 89. Rd1 Rd2+ 90. Rxd2 0-1

[Event "26th OIBM 2023"]
[Site "Gmund am Tegernsee"]
[Date "2023.11.04"]
[Round "8.27"]
[White "Schneider, Jana"]
[Black "Neuhoff, Laertes"]
[Result "1-0"]
[ECO "B30"]
[WhiteElo "2285"]
[BlackElo "1902"]
[Annotator "ChessBase"]
[PlyCount "77"]
[EventDate "2023.10.04"]
[EventType "swiss"]
[EventCountry "GER"]
[SourceTitle "playchess.com"]
[Source "ChessBase"]
[SourceQuality "1"]
[TimeControl "40/5400+30:1800+30"]

1. e4 c5 2. Nf3 Nc6 3. Nc3 Nf6 4. Bb5 Nd4 5. e5 Nxb5 6. Nxb5 Nd5 7. Ng5 f6 8. Qf3 fxg5 9. Qxd5 e6 10. Qf3 Be7 11. O-O Rb8 12. Nxa7 b6 13. Nxc8 Qxc8 14. d3 g6 15. Qg3 O-O 16. Bxg5 Bxg5 17. Qxg5 Rf5 18. Qe3 Qc6 19. a4 Ra8 20. b3 Qd5 21. Rae1 Raf8 22. Qe4 Rf4 23. Qxd5 exd5 24. g3 Rf3 25. e6 dxe6 26. Rxe6 R3f6 27. Rxf6 Rxf6 28. Re1 d4 29. Re7 Rf7 30. Rxf7 Kxf7 31. f4 Kf6 32. Kf2 Kf5 33. Kf3 h5 34. h3 Kf6 35. g4 hxg4+ 36. Kxg4 Kf7 37. Kg5 Kg7 38. f5 gxf5 39. Kxf5 1-0

[Event "26th OIBM 2023"]
[Site "Gmund am Tegernsee"]
[Date "2023.11.04"]
[Round "8.28"]
[White "Hanisch, Sebastian"]
[Black "Bracker, Arne"]
[Result "0-1"]
[ECO "D05"]
[WhiteElo "2070"]
[BlackElo "2279"]
[Annotator "ChessBase"]
[PlyCount "44"]
[EventDate "2023.10.04"]
[EventType "swiss"]
[EventCountry "GER"]
[SourceTitle "playchess.com"]
[Source "ChessBase"]
[SourceQuality "1"]
[TimeControl "40/5400+30:1800+30"]

1. d4 Nf6 2. Nf3 e6 3. e3 d5 4. Bd3 b6 5. O-O Bd6 6. b3 O-O 7. Bb2 Bb7 8. Ne5 c5 9. Nd2 Nc6 10. f4 Rc8 11. c4 cxd4 12. Nxc6 Bxc6 13. Bxd4 dxc4 14. Nxc4 Be7 15. Qe2 Qd5 16. Rad1 Qh5 17. Qb2 Rfd8 18. Ne5 Ng4 19. Nxg4 Qxg4 20. e4 Rxd4 21. Be2 Rxd1 22. Bxd1 Qg6 0-1

[Event "26th OIBM 2023"]
[Site "Gmund am Tegernsee"]
[Date "2023.11.04"]
[Round "8.29"]
[White "Cherniaiev, Tykhon"]
[Black "Eichler, Alexander"]
[Result "1-0"]
[ECO "B20"]
[WhiteElo "2278"]
[BlackElo "1860"]
[Annotator "ChessBase"]
[PlyCount "65"]
[EventDate "2023.10.04"]
[EventType "swiss"]
[EventCountry "GER"]
[SourceTitle "playchess.com"]
[Source "ChessBase"]
[SourceQuality "1"]
[TimeControl "40/5400+30:1800+30"]

1. e4 c5 2. b3 g6 3. Bb2 Nf6 4. Nc3 Nc6 5. f4 d6 6. Bb5 Bg7 7. Nf3 Nxe4 8. Qe2 Nxc3 9. Bxc3 Bxc3 10. dxc3 O-O 11. O-O-O Bd7 12. Rhe1 Re8 13. Ng5 h6 14. Ne4 a6 15. Bc4 Qc7 16. Qf2 Bf5 17. Qh4 Kg7 18. Nf2 b5 19. Bd5 a5 20. Bxc6 Qxc6 21. g4 Be6 22. f5 gxf5 23. Rg1 f4 24. g5 h5 25. g6 f6 26. Qxh5 Rh8 27. Qe2 Qd7 28. Nd3 Bf5 29. Nxf4 a4 30. Rde1 axb3 31. cxb3 Rhe8 32. Nh5+ Kg8 33. Qd2 1-0

[Event "26th OIBM 2023"]
[Site "Gmund am Tegernsee"]
[Date "2023.11.04"]
[Round "8.30"]
[White "Willim, Michael"]
[Black "Weishaeutel, Moritz"]
[Result "1-0"]
[ECO "A57"]
[WhiteElo "2138"]
[BlackElo "2403"]
[Annotator "ChessBase"]
[PlyCount "133"]
[EventDate "2023.10.04"]
[EventType "swiss"]
[EventCountry "GER"]
[SourceTitle "playchess.com"]
[Source "ChessBase"]
[SourceQuality "1"]
[TimeControl "40/5400+30:1800+30"]

1. d4 Nf6 2. c4 c5 3. d5 b5 4. cxb5 a6 5. bxa6 g6 6. Nc3 Bg7 7. e4 O-O 8. Bc4 Bxa6 9. Bxa6 Nxa6 10. Nf3 d6 11. O-O Qb6 12. Rb1 Nc7 13. a4 Rfb8 14. b3 Nd7 15. Qc2 Bxc3 16. Qxc3 Qb4 17. Qe3 c4 18. Bd2 Qa3 19. Nd4 cxb3 20. Nc6 Re8 21. Rxb3 Qxa4 22. Rb7 Rac8 23. Ba5 Ne5 24. Bxc7 Nxc6 25. dxc6 Qxc6 26. Qb6 Qxe4 27. Rb8 Rxb8 28. Bxb8 Rc8 29. Ba7 Rc2 30. Qe3 Qb7 31. Qd3 Rb2 32. Be3 Rb3 33. Qd4 Rb1 34. Qd3 Rxf1+ 35. Qxf1 Qe4 36. h3 h5 37. Qa1 e5 38. Qa5 Kg7 39. Qd8 Qc6 40. h4 d5 41. Qe7 Qc3 42. g3 Qa1+ 43. Kg2 Qc3 44. Qd8 Qc6 45. Bh6+ Kh7 46. Qf8 d4+ 47. Kg1 Qf6 48. Bg5 Qf5 49. Qh6+ Kg8 50. Be7 Qb1+ 51. Kh2 Qf5 52. Qd2 Kg7 53. Qe2 f6 54. Kg2 Qd7 55. Ba3 d3 56. Qd2 Qd5+ 57. Kg1 f5 58. Bc1 f4 59. gxf4 Qf3 60. Qe3 Qg4+ 61. Kf1 Qxh4 62. Qxe5+ Kh7 63. Qc7+ Kg8 64. Qc8+ Kf7 65. Qd7+ Kg8 66. Qe8+ Kh7 67. Qf7+ 1-0

[Event "26th OIBM 2023"]
[Site "Gmund am Tegernsee"]
[Date "2023.11.04"]
[Round "8.31"]
[White "Dolzhykova, Kateryna"]
[Black "Mohylnyi, Stepan"]
[Result "1/2-1/2"]
[ECO "C00"]
[WhiteElo "2336"]
[BlackElo "2120"]
[Annotator "ChessBase"]
[PlyCount "97"]
[EventDate "2023.10.04"]
[EventType "swiss"]
[EventCountry "GER"]
[SourceTitle "playchess.com"]
[Source "ChessBase"]
[SourceQuality "1"]
[TimeControl "40/5400+30:1800+30"]

1. e4 e6 2. d3 d5 3. Nd2 c5 4. Ngf3 Nf6 5. g3 Nc6 6. Bg2 Be7 7. O-O O-O 8. Re1 b5 9. exd5 exd5 10. a4 b4 11. d4 a5 12. dxc5 Bxc5 13. Nb3 Bb6 14. Nbd4 Nxd4 15. Nxd4 Bb7 16. Be3 Ne4 17. Qg4 Qf6 18. Rad1 Bc8 19. Qh5 Bb7 20. h4 Rfe8 21. Kh2 Rac8 22. f3 Nd6 23. Bg5 Qg6 24. Qxg6 hxg6 25. Rxe8+ Rxe8 26. b3 Nf5 27. Nxf5 gxf5 28. Rd2 Re1 29. Bf4 f6 30. g4 fxg4 31. fxg4 Be3 32. Bxe3 Rxe3 33. Bxd5+ Bxd5 34. Rxd5 Re2+ 35. Kg3 Rxc2 36. Rxa5 Rc3+ 37. Kf4 Rxb3 38. Kf5 Kh7 39. Rb5 Rb1 40. Ke6 Kg6 41. h5+ Kh7 42. Kf7 b3 43. h6 g6 44. Kxf6 Kxh6 45. Rb8 Rf1+ 46. Ke5 Ra1 47. Kf6 Rf1+ 48. Ke5 Ra1 49. Kf6 1/2-1/2

[Event "26th OIBM 2023"]
[Site "Gmund am Tegernsee"]
[Date "2023.11.04"]
[Round "8.32"]
[White "Kotyk, Michael"]
[Black "Zude, Arno"]
[Result "0-1"]
[ECO "C29"]
[WhiteElo "2127"]
[BlackElo "2333"]
[Annotator "ChessBase"]
[PlyCount "98"]
[EventDate "2023.10.04"]
[EventType "swiss"]
[EventCountry "GER"]
[SourceTitle "playchess.com"]
[Source "ChessBase"]
[SourceQuality "1"]
[TimeControl "40/5400+30:1800+30"]

1. e4 e5 2. Nc3 Nf6 3. f4 d5 4. fxe5 Nxe4 5. Qf3 Nxc3 6. bxc3 c5 7. Bb5+ Nc6 8. c4 Be6 9. Ne2 Qh4+ 10. g3 Qe4 11. Qxe4 dxe4 12. Nc3 Bd7 13. O-O Nxe5 14. Bxd7+ Kxd7 15. Nxe4 f6 16. d3 Kc6 17. Bb2 Re8 18. Rae1 h5 19. Kg2 Nf7 20. Rf2 Bd6 21. Rfe2 Be5 22. c3 Rd8 23. Rd2 Bc7 24. Nxc5 Ne5 25. d4 Nxc4 26. Rde2 Bd6 27. Ne6 Rd7 28. Bc1 b5 29. Bf4 Ba3 30. d5+ Kb6 31. h4 Rc8 32. Be3+ Nxe3+ 33. Rxe3 Bd6 34. Rd3 Rc4 35. Nd4 Be5 36. Nb3 a5 37. Rc1 Rdc7 38. d6 Rd7 39. Nd2 Rc6 40. c4 Rdxd6 41. Rxd6 Bxd6 42. Ne4 Ba3 43. Rc3 Bb4 44. c5+ Rxc5 45. Nxc5 Bxc3 46. Ne6 b4 47. Kf3 a4 48. Ke2 b3 49. axb3 a3 0-1

[Event "26th OIBM 2023"]
[Site "Gmund am Tegernsee"]
[Date "2023.11.04"]
[Round "8.33"]
[White "Gohla, Ulf"]
[Black "Chassard, Cedric"]
[Result "1/2-1/2"]
[ECO "E05"]
[WhiteElo "2102"]
[BlackElo "2326"]
[Annotator "ChessBase"]
[PlyCount "42"]
[EventDate "2023.10.04"]
[EventType "swiss"]
[EventCountry "GER"]
[SourceTitle "playchess.com"]
[Source "ChessBase"]
[SourceQuality "1"]
[TimeControl "40/5400+30:1800+30"]

1. d4 Nf6 2. c4 e6 3. Nf3 d5 4. g3 Be7 5. Bg2 O-O 6. O-O dxc4 7. Ne5 Nc6 8. Bxc6 bxc6 9. Nxc6 Qe8 10. Nxe7+ Qxe7 11. Qa4 e5 12. dxe5 Qxe5 13. Qxc4 Be6 14. Qc2 Bf5 15. Qc4 Be6 16. Qc2 Rfe8 17. Nc3 Qh5 18. f3 Bh3 19. Rf2 Rad8 20. e4 Nd7 21. Bf4 c6 1/2-1/2

[Event "26th OIBM 2023"]
[Site "Gmund am Tegernsee"]
[Date "2023.11.04"]
[Round "8.34"]
[White "Kulon, Klaudia"]
[Black "Butenandt, Svenja"]
[Result "1/2-1/2"]
[ECO "B12"]
[WhiteElo "2319"]
[BlackElo "2082"]
[Annotator "ChessBase"]
[PlyCount "85"]
[EventDate "2023.10.04"]
[EventType "swiss"]
[EventCountry "GER"]
[SourceTitle "playchess.com"]
[Source "ChessBase"]
[SourceQuality "1"]
[TimeControl "40/5400+30:1800+30"]

1. e4 c6 2. d4 d5 3. e5 Bf5 4. h4 h5 5. Bd3 Bxd3 6. Qxd3 Qa5+ 7. Nd2 e6 8. Ngf3 Nh6 9. O-O Nf5 10. c4 Be7 11. g3 O-O 12. b3 Rd8 13. Bb2 c5 14. cxd5 Rxd5 15. Nc4 Qa6 16. Qe4 cxd4 17. Nxd4 Nxd4 18. Bxd4 Nc6 19. Bb2 Rad8 20. a4 Nd4 21. Bxd4 Rxd4 22. Qe2 Rg4 23. Rad1 Bxh4 24. Rd6 Rxd6 25. exd6 Bd8 26. Rd1 Qc6 27. Ne5 Qe4 28. Qb5 Rg5 29. Qe8+ Kh7 30. Qxd8 Qxe5 31. Kf1 Rxg3 32. fxg3 Qxg3 33. Ke2 Qe5+ 34. Kd3 Qd5+ 35. Kc2 Qc5+ 36. Kb2 Qe5+ 37. Kb1 Qf5+ 38. Kc1 Qc5+ 39. Kb2 Qe5+ 40. Kb1 Qf5+ 41. Kc1 Qc5+ 42. Kd2 Qd4+ 43. Kc2 1/2-1/2

[Event "26th OIBM 2023"]
[Site "Gmund am Tegernsee"]
[Date "2023.11.04"]
[Round "8.35"]
[White "Ernst, Robert"]
[Black "Lavrencic, Matic"]
[Result "1/2-1/2"]
[ECO "E48"]
[WhiteElo "2093"]
[BlackElo "2319"]
[Annotator "ChessBase"]
[PlyCount "68"]
[EventDate "2023.10.04"]
[EventType "swiss"]
[EventCountry "GER"]
[SourceTitle "playchess.com"]
[Source "ChessBase"]
[SourceQuality "1"]
[TimeControl "40/5400+30:1800+30"]

1. d4 Nf6 2. c4 e6 3. Nc3 Bb4 4. e3 O-O 5. Bd3 d5 6. cxd5 exd5 7. Nge2 Re8 8. O-O c6 9. f3 c5 10. a3 cxd4 11. axb4 dxc3 12. Nxc3 Nc6 13. b5 Ne5 14. Be2 b6 15. Qd4 Bb7 16. Rd1 Qe7 17. Bd2 Ned7 18. Ra3 Nc5 19. Rda1 Qd6 20. Qb4 Qb8 21. Bf1 Nfd7 22. Nd1 Ne6 23. Be1 Ndc5 24. Bg3 Qd8 25. Rxa7 Rxa7 26. Rxa7 d4 27. exd4 Nxd4 28. Nc3 h5 29. Bf2 Nxf3+ 30. gxf3 Qg5+ 31. Bg3 Qe3+ 32. Bf2 Qg5+ 33. Bg3 Qe3+ 34. Bf2 Qg5+ 1/2-1/2

[Event "26th OIBM 2023"]
[Site "Gmund am Tegernsee"]
[Date "2023.11.04"]
[Round "8.36"]
[White "Schoetzig, Detlef"]
[Black "Baerwinkel, Tobias"]
[Result "0-1"]
[ECO "D02"]
[WhiteElo "2078"]
[BlackElo "2315"]
[Annotator "ChessBase"]
[PlyCount "162"]
[EventDate "2023.10.04"]
[EventType "swiss"]
[EventCountry "GER"]
[SourceTitle "playchess.com"]
[Source "ChessBase"]
[SourceQuality "1"]
[TimeControl "40/5400+30:1800+30"]

1. d4 Nf6 2. Nf3 d5 3. g3 c5 4. Bg2 cxd4 5. O-O h6 6. Nxd4 e5 7. Nb3 Nc6 8. c4 Be6 9. cxd5 Bxd5 10. Nc3 Bxg2 11. Kxg2 Bb4 12. Be3 Bxc3 13. bxc3 O-O 14. Qc2 Qd5+ 15. f3 Rfc8 16. Rfd1 Qc4 17. Qd3 Ne7 18. Rac1 b6 19. Bf2 e4 20. Qxc4 exf3+ 21. Kxf3 Rxc4 22. Rd4 Rac8 23. Rxc4 Rxc4 24. Bd4 Nfd5 25. e4 Nc7 26. Ke3 Nc6 27. Kd3 Ra4 28. Rc2 Ne6 29. Re2 Kh7 30. Ke3 Kg6 31. Rd2 f6 32. Kf3 h5 33. Ke3 Kf7 34. Rf2 Ke7 35. Kd3 Ng5 36. Re2 Nf7 37. Ke3 Nd6 38. Kd3 Ke6 39. Nc1 Ne5+ 40. Ke3 Ndc4+ 41. Kf2 g5 42. h3 g4 43. Kg2 Nd6 44. hxg4 hxg4 45. Kf2 Nb5 46. Nb3 Rc4 47. Re3 Rc8 48. a4 Nd6 49. Re2 Ndc4 50. Kg2 a5 51. Bg1 Nd3 52. Nd4+ Kd7 53. Nb5 Rc6 54. Nd4 Rd6 55. Nb5 Re6 56. Nd4 Re8 57. Nf5 Kc6 58. Nh6 Nce5 59. Bd4 b5 60. axb5+ Kxb5 61. Nf5 Ra8 62. Ne3 Ra6 63. Nd5 Kc4 64. Nc7 Rc6 65. Nd5 Kb3 66. Nf4 a4 67. Nxd3 Nxd3 68. Re3 Kc4 69. Re2 a3 70. Rd2 Ra6 71. Ra2 Nc1 72. Rc2 Nb3 73. Ra2 Nxd4 74. cxd4 Kxd4 75. Kf2 Kd3 76. Kg2 Kxe4 77. Kf2 Kd3 78. Kg2 Kc3 79. Kf2 Kb3 80. Ra1 a2 81. Ke3 Kb2 0-1

[Event "26th OIBM 2023"]
[Site "Gmund am Tegernsee"]
[Date "2023.11.04"]
[Round "8.37"]
[White "Schuster, Karsten"]
[Black "Semprun Martinez, Fernando"]
[Result "1/2-1/2"]
[ECO "D99"]
[WhiteElo "2309"]
[BlackElo "2064"]
[Annotator "ChessBase"]
[PlyCount "121"]
[EventDate "2023.10.04"]
[EventType "swiss"]
[EventCountry "GER"]
[SourceTitle "playchess.com"]
[Source "ChessBase"]
[SourceQuality "1"]
[TimeControl "40/5400+30:1800+30"]

1. d4 Nf6 2. c4 g6 3. Nc3 d5 4. Nf3 Bg7 5. cxd5 Nxd5 6. Qb3 Nb6 7. e4 O-O 8. Be3 Bg4 9. Rd1 Nc6 10. d5 Ne5 11. Be2 Nxf3+ 12. gxf3 Bh5 13. a4 Qc8 14. h4 Nd7 15. f4 Bxe2 16. Nxe2 c5 17. Rc1 b6 18. h5 Nf6 19. hxg6 hxg6 20. f3 e6 21. d6 Qc6 22. e5 Qxf3 23. Rf1 Qd5 24. Qc2 Ng4 25. Bg1 Nxe5 26. fxe5 Qxe5 27. b4 cxb4 28. Rd1 Rad8 29. d7 Qa5 30. Qb3 b5 31. Bc5 bxa4 32. Qxb4 Qc7 33. Bxf8 Bxf8 34. Qf4 Rxd7 35. Qxc7 Rxc7 36. Rf4 a3 37. Ra4 a5 38. Rd8 Kg7 39. Kd1 Bb4 40. Nd4 Be7 41. Ra8 Rd7 42. Kc1 Bf6 43. Nb5 Bb2+ 44. Kc2 g5 45. Nxa3 Bxa3 46. Rxa3 f5 47. R3xa5 Rd4 48. R5a6 Kf6 49. Rf8+ Ke5 50. Re8 Kf4 51. Rexe6 Rd5 52. Rad6 Rc5+ 53. Kd2 g4 54. Ke2 Kg3 55. Kf1 f4 56. Rd1 f3 57. Red6 Rh5 58. Ke1 Kg2 59. R1d2+ Kg3 60. Rd1 Kg2 61. R1d2+ 1/2-1/2

[Event "26th OIBM 2023"]
[Site "Gmund am Tegernsee"]
[Date "2023.11.04"]
[Round "8.38"]
[White "Karsay, Pascal"]
[Black "Jerie, Sven"]
[Result "1/2-1/2"]
[ECO "C55"]
[WhiteElo "2301"]
[BlackElo "2055"]
[Annotator "ChessBase"]
[PlyCount "77"]
[EventDate "2023.10.04"]
[EventType "swiss"]
[EventCountry "GER"]
[SourceTitle "playchess.com"]
[Source "ChessBase"]
[SourceQuality "1"]
[TimeControl "40/5400+30:1800+30"]

1. e4 e5 2. Nf3 Nc6 3. Bc4 Nf6 4. d3 Be7 5. O-O O-O 6. Nc3 d6 7. a4 Na5 8. Ba2 c5 9. Bg5 Be6 10. Bxf6 Bxf6 11. Nd5 Nc6 12. Qd2 Rb8 13. h3 h6 14. c3 Kh7 15. b4 b6 16. b5 Na5 17. Ne3 Bg5 18. Nxg5+ Qxg5 19. Bxe6 fxe6 20. Rad1 Rbd8 21. Qa2 Qg6 22. Rfe1 Rf3 23. Kh1 Rf4 24. f3 Rdf8 25. Rf1 R4f6 26. Qd2 Qh5 27. Qe2 Rg6 28. d4 exd4 29. cxd4 Nb3 30. dxc5 dxc5 31. Rd7 Nd4 32. Qd1 Qg5 33. Ng4 h5 34. h4 Qxh4+ 35. Nh2 Qg3 36. Qd2 Qb8 37. Qf2 Rd8 38. Re7 Re8 39. Rd7 1/2-1/2

[Event "26th OIBM 2023"]
[Site "Gmund am Tegernsee"]
[Date "2023.11.04"]
[Round "8.39"]
[White "Hrebenshchykova, Yelyzaveta"]
[Black "Mueller-Dehn, Christian"]
[Result "1-0"]
[ECO "C41"]
[WhiteElo "2299"]
[BlackElo "2051"]
[Annotator "ChessBase"]
[PlyCount "83"]
[EventDate "2023.10.04"]
[EventType "swiss"]
[EventCountry "GER"]
[SourceTitle "playchess.com"]
[Source "ChessBase"]
[SourceQuality "1"]
[TimeControl "40/5400+30:1800+30"]

1. e4 d6 2. d4 Nf6 3. Nc3 e5 4. Nf3 Nbd7 5. Rg1 c6 6. g4 h6 7. Be3 b5 8. a3 Bb7 9. h4 Qc7 10. g5 hxg5 11. hxg5 Ng8 12. Qd2 Ne7 13. O-O-O a6 14. Rg3 Ng6 15. Bh3 Rd8 16. Bf5 Be7 17. Bxg6 fxg6 18. d5 c5 19. Rgg1 Rh3 20. Qe2 b4 21. Nb1 Rc8 22. Nfd2 a5 23. Rh1 Rxh1 24. Rxh1 c4 25. Rh8+ Nf8 26. c3 Ba6 27. Qg4 Qd7 28. Qxd7+ Kxd7 29. axb4 axb4 30. cxb4 Rb8 31. Kc2 Rxb4 32. Na3 Ke8 33. Kc3 Rb7 34. Ndxc4 Kf7 35. b4 Nd7 36. Ra8 Bxc4 37. Nxc4 Nf8 38. Na5 Rc7+ 39. Nc6 Nh7 40. b5 Nxg5 41. Bxg5 Bxg5 42. b6 1-0